 Dungeon Crawl Stone Soup version 0.30-a0-367-g839099abd5 (webtiles) character file.

Game seed: 12906047122422038237

37 Aramant the Shield-Bearer (level 3, -5/36 HPs)
             Began as a Troll Fighter on Nov 18, 2022.
             Shot with an arrow by a centaur (13 damage)
             ... on level 6 of the Dungeon.
             The game lasted 00:03:20 (471 turns).

Aramant the Shield-Bearer (Troll Fighter)            Turns: 471, Time: 00:03:21

Health: -5/36      AC:  4    Str: 26    XL:     3   Next: 21%
Magic:  2/2        EV:  8    Int:  4    God:
Gold:   40         SH:  7    Dex:  9    Spells: 2/2 levels left

rFire   + . .      SeeInvis .      - Unarmed
rCold   . . .      Faith    .    b - +0 kite shield
rNeg    . . .      Spirit   .    a - +0 robe
rPois   .          Reflect  .    (helmet restricted)
rElec   .          Harm     .    (no cloak)
rCorr   .          Rampage  .    (gloves unavailable)
Will    .....                    (boots unavailable)
Stlth   +.........               (no amulet)
HPRegen 1.06/turn                e - ring of protection from fire
MPRegen 0.08/turn                (no ring)

@: no status effects
A: large, unfitting armour, claws 3, regeneration 1, shaggy fur 1, tough skin 1
a: no special abilities


You were on level 6 of the Dungeon.
You visited 1 branch of the dungeon, and saw 6 of its levels.

You collected 40 gold pieces.

Inventory:

Armour
 a - a +0 robe (worn)
 b - a +0 kite shield (worn)
Jewellery
 e - a ring of protection from fire (left claw)
Wands
 f - a wand of flame (22)
Potions
 c - a potion of might
 d - a potion of degeneration {unknown}


   Skills:
 + Level 2.6 Fighting
 + Level 2.9 Dodging
 + Level 3.1 Shields
 + Level 2.4 Unarmed Combat


You had 2 spell levels left.
You didn't know any spells.
Your spell library was empty.

Dungeon Overview and Level Annotations

Branches:
Dungeon (6/15)
 Temple: D:4-7

Altars:
Elyvilon
Vehumet

Annotations:
D:3 Natasha


Innate Abilities, Weirdness & Mutations

You are too large for most types of armour.
You have claws for hands.
Your natural rate of healing is unusually fast.
You are covered in fur. (AC +1)
You have tough skin. (AC +1)


Message History

You closely miss the adder.
The adder is severely wounded.
You feel sick. The adder bites you but does no damage. The adder bites you.
You barely miss the adder.
The adder is severely wounded.
You feel sick. The adder barely misses you.
You closely miss the adder.
The adder is severely wounded.
You feel sick.
You are no longer poisoned.
The adder bites you but does no damage. x2
You miss the adder.
The adder is severely wounded.
You block the adder's attack.
You claw the adder!
You kill the adder!
You have reached level 3!
Your experience leads to an increase in your attributes!
Increase (S)trength, (I)ntelligence, or (D)exterity?
You feel stronger. x3
You see here an adder corpse.
There is a stone staircase leading down here.
You climb downwards.
Found a robe.
There is a stone staircase leading up here.
HP restored.
Found a chain mail.
Found a stone staircase leading up.
A centaur comes into view.
The centaur shouts!
The centaur wields a +0 shortbow.
The centaur shoots an arrow.
The arrow closely misses you.
The centaur shoots an arrow.
The arrow hits you.
The centaur shoots an arrow.
The arrow hits you!
The centaur shoots an arrow.
The arrow hits you!
The centaur shoots an arrow.
You block the arrow.
The centaur shoots an arrow.
The arrow hits you!
* * * LOW HITPOINT WARNING * * *
The centaur shoots an arrow.
The arrow hits you!
You die...

.##..###...
.##[....... .#...###
...#.# ### ...#.#
#... ####.#
##########..#
#.###...##.....#
####.##..........##
................@.#
..................###
...........<.......c#
.................##.#
########...##...##
... #######.## ###
#.# #.# #..


You could see a centaur.

Vanquished Creatures
  An adder (D:5)
  An ufetubus (D:4)
  An orc (D:3)
  An endoplasm (D:1)
  2 giant cockroaches
  2 goblins
  3 hobgoblins
  A kobold (D:1)
  A quokka (D:1)
  A ball python (D:2)
  2 bats
  A frilled lizard (D:1)
  5 rats
22 creatures vanquished.

Notes
Turn   | Place    | Note
-------+----------+-------------------------------------------
     0 | D:1      | Aramant the Troll Fighter began the quest for the Orb.
     0 | D:1      | Reached XP level 1. HP: 22/22 MP: 0/0
    87 | D:1      | Reached XP level 2. HP: 29/29 MP: 1/1
   229 | D:3      | Found a radiant altar of Vehumet.
   232 | D:3      | Found a white marble altar of Elyvilon.
   240 | D:3      | Reached skill level 3 in Shields
   268 | D:3      | Noticed Natasha
   343 | D:5      | Entered Level 5 of the Dungeon
   414 | D:5      | Reached XP level 3. HP: 26/36 MP: 2/2
   466 | D:6      | Noticed a centaur
   471 | D:6      | Shot with an arrow by a centaur

Illustrated notes

Levels and vault maps discovered:
D:1:      co_arrival_square_in_a_square_in_a_square, layout_loops_cross,
          dreamdust_ecumenical_altar_statues
D:2:      layout_rooms
D:3:      layout_loops_ring, mainiacjoe_overflow_concentric_impassable,
          trog_three_pillars_becter, mainiacjoe_overflow_catch_the_wave,
          minmay_misc_feat_enclosed, uniq_natasha
D:4:      layout_cave_pods, fedhas_altar_2, uniq_ijyb
D:5:      layout_cave_pods, kennysheep_vampire_church,
          minmay_temple_entry_statues_pillars, hangedman_abyss_or_decor_stagger
D:6:      layout_rooms, mainiacjoe_overflow_alcove_4, serial_shops,
          shop_fountains, grunt_ministairs_8, uniq_grinder,
          uniq_crazy_yiuf_cottage

Skill      XL: |  1  2 |
---------------+-------+-----
Shields        | 3 |  3.1
Fighting       | |  2.6
Dodging        | |  2.9
Unarmed Combat | |  2.4

Action                   || total
-------------------------++-------
Melee: Unarmed           ||    68
  Use: Scroll            ||     4
Armor: Robe              ||    42
Dodge: Dodged            ||    36
Block: Kite shield       ||    29

Table legend: (Time is in decaauts)
 A = Elapsed time spent in this place.
 B = Non-inter-level travel time spent in this place.
 C = Inter-level travel time spent in this place.
 D = Time resting spent in this place.
 E = Time spent auto-exploring this place.
 F = Levels seen in this place.
 G = Mean time per level.
                   A        B        C        D        E       F      G
               +--------+--------+--------+--------+--------+-----+--------+
         Total |    478 |    478 |      0 |     22 |    209 |   6 |   79.7 |
       Dungeon |    478 |    478 |      0 |     22 |    209 |   6 |   79.7 |
               +--------+--------+--------+--------+--------+-----+--------+

Top non-repeatable levels by time:
     D:1: 158 daAuts
     D:5: 79 daAuts
     D:3: 79 daAuts
     D:2: 66 daAuts
     D:6: 48 daAuts
     D:4: 44 daAuts
